[ AOE2 MATCH · #480414189 ]
UnrankedPersians vs Wei
[ REPLAY ANALYSIS · EXTRACTED FROM THE RECORDED GAME ]
Feudal
15:41
Castle
25:57
Imperial
—
| APM avg | 8.8 |
| APM peak | 33 |
| eAPM avg | 6.3 |
| Villagers / military | 78 / 34 |
Focus
⚔️ 25.5% · 🌾 74.5%
Spearman ×13 · Scout Cavalry ×12 · Knight ×9 · Trade Cart ×4
Feudal
11:02
Castle
19:00
Imperial
47:11
| APM avg | 25.4 |
| APM peak | 65 |
| eAPM avg | 9.9 |
| Villagers / military | 73 / 0 |
Focus
⚔️ 26.2% · 🌾 73.8%
Unknown (1949) ×105 · Unknown (1952) ×73 · Trade Cart ×2
Feudal
11:37
Castle
26:30
Imperial
—
| APM avg | 19.1 |
| APM peak | 77 |
| eAPM avg | 8.7 |
| Villagers / military | 48 / 63 |
Focus
⚔️ 30.5% · 🌾 69.5%
Skirmisher ×44 · Spearman ×12 · Archer ×7 · Trade Cart ×2
Feudal
11:29
Castle
24:24
Imperial
38:53
| APM avg | 5.8 |
| APM peak | 17 |
| eAPM avg | 5.0 |
| Villagers / military | 46 / 82 |
Focus
⚔️ 26.3% · 🌾 73.7%
Spearman ×38 · Militia ×30 · Huskarl ×6 · Trade Cart ×6 · Hand Cannoneer ×6 · Trebuchet (Packed) ×2
Feudal
13:01
Castle
30:47
Imperial
—
| APM avg | 14.1 |
| APM peak | 36 |
| eAPM avg | 8.1 |
| Villagers / military | 55 / 73 |
Focus
⚔️ 39.2% · 🌾 60.8%
Spearman ×40 · Skirmisher ×31 · Trade Cart ×6 · Monk ×2
Feudal
13:35
Castle
24:07
Imperial
36:36
| APM avg | 6.2 |
| APM peak | 22 |
| eAPM avg | 4.4 |
| Villagers / military | 47 / 67 |
Focus
⚔️ 26.0% · 🌾 74.0%
Knight ×66 · Trade Cart ×6 · Monk ×1
Feudal
22:58
Castle
44:44
Imperial
—
| APM avg | 15.0 |
| APM peak | 100 |
| eAPM avg | 5.4 |
| Villagers / military | 52 / 74 |
Focus
⚔️ 34.2% · 🌾 65.8%
Skirmisher ×74 · Trade Cart ×6
Feudal
11:22
Castle
26:19
Imperial
—
| APM avg | 13.4 |
| APM peak | 41 |
| eAPM avg | 8.3 |
| Villagers / military | 137 / 225 |
Focus
⚔️ 35.0% · 🌾 65.0%
Genitour ×60 · Cavalry Archer ×59 · Knight ×56 · Camel Scout ×19 · Camel Archer ×12 · Scout Cavalry ×10
Match map
Initial resources + every placement click. Lines = walls · curves = elevation contours. ◆ gold · ⬟ stone · ● berries · ✦ relic · ◌ wall gap
Your base· ✓ Closed at 25:57 · 50t walls · 2 gate(s)
Hiddenninja's base· Open — unwalled flank
...13.0.R.@...'s base· Open — unwalled flank
ZippyCoyote's base· Open — unwalled flank
High Level Wizard's base· ✓ Closed at 30:47 · 129t walls · 4 gate(s)
B12 Official's base· Open — unwalled flank
battlegod's base· ✓ Closed at 44:44 · 107t walls · 3 gate(s)
Haaner's base· Open — unwalled flank
Smoothed initial terrain · ◌ = detected wall gap · hover for details
Inputs per minute
— kenyi.yoshino - - Hiddenninja
Build order — kenyi.yoshino
First 150 of 221 actions detected
| 0:02 | Create | Villager (Male) |
| 0:02 | Create | Villager (Male) |
| 0:03 | Create | Villager (Male) |
| 0:05 | Build | House |
| 0:08 | Build | House |
| 0:17 | Create | Villager (Male) |
| 1:14 | Create | Villager (Male) |
| 1:15 | Create | Villager (Male) |
| 2:07 | Create | Villager (Male) |
| 2:07 | Create | Villager (Male) |
| 2:31 | Create | Villager (Male) |
| 2:31 | Create | Villager (Male) |
| 2:48 | Create | Villager (Male) |
| 3:35 | Create | Villager (Male) |
| 3:55 | Build | House |
| 4:21 | Build | Mill |
| 4:47 | Create | Villager (Male) |
| 4:48 | Create | Villager (Male) |
| 4:48 | Create | Villager (Male) |
| 4:48 | Create | Villager (Male) |
| 5:04 | Build | House |
| 5:09 | Build | House |
| 5:11 | Build | House |
| 5:17 | Create | Villager (Male) |
| 5:17 | Create | Villager (Male) |
| 6:09 | Build | Lumber Camp |
| 6:19 | Create | Villager (Male) |
| 6:19 | Create | Villager (Male) |
| 6:21 | Create | Villager (Male) |
| 6:21 | Create | Villager (Male) |
| 7:00 | Build | Palisade Wall |
| 7:15 | Create | Villager (Male) |
| 7:16 | Create | Villager (Male) |
| 7:52 | Create | Villager (Male) |
| 7:52 | Create | Villager (Male) |
| 7:56 | Create | Villager (Male) |
| 7:56 | Create | Villager (Male) |
| 8:12 | Build | Farm |
| 8:22 | Build | House |
| 8:25 | Build | House |
| 8:28 | Build | House |
| 10:11 | Build | Farm |
| 10:15 | Create | Villager (Male) |
| 10:16 | Create | Villager (Male) |
| 10:37 | Build | Palisade Wall |
| 10:41 | Create | Villager (Male) |
| 10:48 | Create | Villager (Male) |
| 11:01 | Build | House |
| 11:07 | Build | House |
| 11:25 | Create | Villager (Male) |
| 11:25 | Create | Villager (Male) |
| 11:29 | Build | Farm |
| 11:32 | Build | Farm |
| 11:39 | Build | Farm |
| 11:49 | Build | Palisade Wall |
| 12:15 | Create | Villager (Male) |
| 12:22 | Build | Farm |
| 12:26 | Build | Farm |
| 12:49 | Create | Villager (Male) |
| 12:50 | Create | Villager (Male) |
| 13:03 | Build | Farm |
| 13:18 | Build | Farm |
| 13:25 | Build | Farm |
| 13:29 | Build | Farm |
| 13:34 | Research | Feudal Age |
| 13:36 | Create | Villager (Male) |
| 14:05 | Build | Palisade Wall |
| 14:11 | Create | Villager (Male) |
| 14:11 | Create | Villager (Male) |
| 14:19 | Build | Farm |
| 14:20 | Build | Farm |
| 14:22 | Build | Farm |
| 15:12 | Build | Palisade Wall |
| 15:28 | Build | Palisade Wall |
| 15:38 | Build | Farm |
| 15:41 | Age | Feudal Age |
| 15:51 | Research | Horse Collar |
| 15:53 | Research | Double-Bit Axe |
| 16:06 | Build | Farm |
| 16:07 | Build | Farm |
| 16:09 | Build | Farm |
| 16:10 | Build | Farm |
| 16:14 | Build | Farm |
| 16:20 | Build | Farm |
| 16:24 | Build | Farm |
| 16:35 | Build | Palisade Gate |
| 16:55 | Build | Mining Camp |
| 17:14 | Build | Palisade Wall |
| 17:34 | Research | Wheelbarrow |
| 17:34 | Create | Villager (Male) |
| 17:35 | Create | Villager (Male) |
| 17:35 | Create | Villager (Male) |
| 17:35 | Create | Villager (Male) |
| 17:35 | Create | Villager (Male) |
| 17:43 | Build | Farm |
| 18:17 | Build | Barracks |
| 18:58 | Build | Market |
| 19:11 | Build | Palisade Gate |
| 19:20 | Create | Villager (Male) |
| 19:20 | Create | Villager (Male) |
| 19:34 | Research | Gold Mining |
| 19:43 | Build | Stable |
| 19:46 | Build | Stable |
| 20:18 | Build | Farm |
| 20:44 | Build | Blacksmith |
| 20:55 | Create | Villager (Male) |
| 20:55 | Create | Villager (Male) |
| 20:55 | Create | Villager (Male) |
| 21:16 | Build | Lumber Camp |
| 21:38 | Create | Spearman |
| 21:38 | Create | Spearman |
| 21:38 | Create | Spearman |
| 21:39 | Create | Spearman |
| 21:39 | Create | Spearman |
| 21:39 | Create | Spearman |
| 21:52 | Create | Scout Cavalry |
| 21:52 | Create | Scout Cavalry |
| 21:52 | Create | Scout Cavalry |
| 21:53 | Create | Scout Cavalry |
| 21:53 | Create | Scout Cavalry |
| 21:53 | Create | Scout Cavalry |
| 21:55 | Research | Bloodlines |
| 22:11 | Research | Scale Barding Armor |
| 22:12 | Research | Forging |
| 22:13 | Research | Scale Mail Armor |
| 22:14 | Research | Padded Archer Armor |
| 22:14 | Research | Fletching |
| 22:25 | Build | Mining Camp |
| 23:28 | Build | Stable |
| 23:32 | Research | Castle Age |
| 24:04 | Research | Arson |
| 24:31 | Build | Farm |
| 24:41 | Create | Scout Cavalry |
| 24:41 | Create | Scout Cavalry |
| 24:42 | Create | Scout Cavalry |
| 24:42 | Create | Scout Cavalry |
| 24:42 | Create | Scout Cavalry |
| 24:42 | Create | Scout Cavalry |
| 25:03 | Build | House |
| 25:04 | Build | House |
| 25:10 | Build | House |
| 25:39 | Create | Villager (Male) |
| 25:39 | Create | Villager (Male) |
| 25:39 | Create | Villager (Male) |
| 25:39 | Create | Villager (Male) |
| 25:40 | Create | Villager (Male) |
| 25:40 | Create | Villager (Male) |
| 25:57 | Age | Castle Age |
| 26:02 | Create | Knight |
| 26:02 | Create | Knight |
Build order — Hiddenninja
First 150 of 253 actions detected
| 0:01 | Create | Villager (Male) ×4 |
| 0:03 | Build | House |
| 0:04 | Build | House |
| 0:24 | Build | House |
| 1:36 | Create | Villager (Male) |
| 1:49 | Build | Lumber Camp |
| 2:09 | Create | Villager (Male) |
| 2:29 | Create | Villager (Male) |
| 3:00 | Create | Villager (Male) |
| 3:18 | Create | Villager (Male) |
| 3:49 | Create | Villager (Male) |
| 3:59 | Build | Mill |
| 4:14 | Create | Villager (Male) |
| 4:45 | Create | Villager (Male) |
| 5:13 | Create | Villager (Male) |
| 5:31 | Create | Villager (Male) |
| 5:43 | Create | Villager (Male) |
| 6:04 | Create | Villager (Male) |
| 6:31 | Build | House |
| 6:41 | Create | Villager (Male) |
| 6:55 | Create | Villager (Male) |
| 7:43 | Create | Villager (Male) |
| 8:06 | Create | Villager (Male) |
| 8:52 | Research | Feudal Age |
| 9:30 | Build | House |
| 9:37 | Build | House |
| 10:05 | Create | Villager (Male) |
| 10:19 | Build | Barracks |
| 11:02 | Age | Feudal Age |
| 11:03 | Research | Double-Bit Axe |
| 11:04 | Research | Horse Collar |
| 11:07 | Build | Archery Range |
| 11:12 | Create | Villager (Male) |
| 11:17 | Build | Farm |
| 11:17 | Build | Farm |
| 11:44 | Build | Mining Camp |
| 11:49 | Create | Villager (Male) |
| 12:00 | Build | Farm |
| 12:03 | Build | Farm |
| 12:08 | Build | Farm |
| 12:09 | Create | Villager (Male) |
| 12:15 | Build | Farm |
| 12:30 | Build | Farm |
| 12:39 | Create | Villager (Male) |
| 12:41 | Build | Farm |
| 12:44 | Build | Farm |
| 12:57 | Build | Farm |
| 13:01 | Create | Villager (Male) |
| 13:09 | Build | Farm |
| 13:31 | Create | Villager (Male) |
| 13:35 | Build | House |
| 13:40 | Build | Farm |
| 13:54 | Create | Villager (Male) |
| 14:01 | Build | Farm |
| 14:24 | Build | Market |
| 14:29 | Create | Villager (Male) |
| 14:29 | Create | Villager (Male) |
| 14:55 | Build | Blacksmith |
| 14:59 | Create | Villager (Male) |
| 15:02 | Build | Farm |
| 15:41 | Create | Villager (Male) |
| 15:46 | Build | Farm |
| 15:57 | Build | Farm |
| 15:58 | Build | Farm |
| 16:00 | Build | Farm |
| 16:01 | Build | Farm |
| 16:20 | Research | Castle Age |
| 16:30 | Build | Mining Camp |
| 16:39 | Research | Loom |
| 16:49 | Research | Town Watch |
| 16:59 | Build | Palisade Wall |
| 17:04 | Build | Palisade Wall |
| 17:07 | Build | Palisade Wall |
| 17:15 | Research | Stone Mining |
| 17:20 | Research | Fletching |
| 17:33 | Research | Padded Archer Armor |
| 17:44 | Build | House |
| 17:52 | Build | House |
| 17:57 | Research | Gold Mining |
| 18:36 | Research | Wheelbarrow |
| 18:37 | Research | Town Watch |
| 19:00 | Age | Castle Age |
| 19:02 | Research | Bow Saw |
| 19:02 | Research | Heavy Plow |
| 19:14 | Create | Unit 1952 |
| 19:16 | Create | Unit 1952 |
| 19:20 | Create | Unit 1952 |
| 20:01 | Research | Caravan |
| 20:25 | Research | Stone Shaft Mining |
| 20:32 | Create | Unit 1952 |
| 20:58 | Build | University |
| 21:07 | Research | Thumb Ring |
| 21:11 | Create | Villager (Male) |
| 21:13 | Create | Villager (Male) |
| 21:44 | Build | House |
| 22:00 | Build | Stable |
| 22:18 | Research | Ballistics |
| 22:21 | Create | Villager (Male) |
| 22:21 | Create | Villager (Male) |
| 23:01 | Research | Treadmill Crane |
| 23:07 | Create | Villager (Male) |
| 23:10 | Build | House |
| 23:10 | Build | House |
| 23:10 | Build | House |
| 23:26 | Research | Bodkin Arrow |
| 23:40 | Research | Hand Cart |
| 24:21 | Build | Castle |
| 24:31 | Create | Villager (Male) |
| 25:13 | Research | Town Patrol |
| 25:18 | Research | Bloodlines |
| 25:18 | Research | Husbandry |
| 25:29 | Create | Unit 1949 |
| 25:29 | Create | Unit 1949 |
| 26:16 | Create | Villager (Male) |
| 26:16 | Create | Villager (Male) |
| 26:34 | Build | Lumber Camp |
| 27:02 | Create | Unit 1952 |
| 27:15 | Create | Villager (Male) |
| 27:21 | Create | Unit 1949 |
| 27:33 | Create | Villager (Male) |
| 27:44 | Create | Trade Cart |
| 27:44 | Create | Trade Cart |
| 27:48 | Build | Farm |
| 27:52 | Build | Farm |
| 28:05 | Create | Villager (Male) |
| 28:22 | Create | Villager (Male) |
| 28:24 | Create | Unit 1949 |
| 28:40 | Create | Unit 1952 |
| 28:41 | Create | Unit 1952 |
| 28:42 | Create | Villager (Male) |
| 28:48 | Build | Mining Camp |
| 28:51 | Research | Gold Shaft Mining |
| 29:17 | Create | Villager (Male) |
| 29:19 | Create | Villager (Male) |
| 29:22 | Create | Unit 1952 |
| 29:22 | Create | Unit 1952 |
| 29:27 | Create | Unit 1949 |
| 30:05 | Create | Villager (Male) |
| 30:27 | Create | Unit 1949 |
| 30:28 | Create | Unit 1949 |
| 30:36 | Create | Villager (Male) |
| 30:36 | Create | Villager (Male) |
| 30:52 | Build | Castle |
| 30:59 | Create | Unit 1949 |
| 31:03 | Create | Villager (Male) |
| 31:03 | Create | Villager (Male) |
| 31:30 | Research | Leather Archer Armor |
| 31:32 | Research | Forging |
| 31:48 | Create | Unit 1949 |
| 31:49 | Create | Unit 1949 |
Build order — ...13.0.R.@...
First 150 of 171 actions detected
| 0:04 | Research | Loom |
| 0:04 | Create | Villager (Male) |
| 0:05 | Create | Villager (Male) |
| 0:05 | Create | Villager (Male) |
| 0:05 | Create | Villager (Male) |
| 0:09 | Build | House |
| 0:13 | Build | House |
| 1:58 | Create | Villager (Male) |
| 2:50 | Create | Villager (Male) |
| 2:51 | Create | Villager (Male) |
| 2:51 | Create | Villager (Male) |
| 3:17 | Create | Villager (Male) |
| 3:18 | Create | Villager (Male) |
| 3:56 | Create | Villager (Male) |
| 4:17 | Build | House |
| 4:28 | Create | Villager (Male) |
| 4:28 | Create | Villager (Male) |
| 4:37 | Build | Mill |
| 4:49 | Create | Villager (Male) |
| 5:17 | Create | Villager (Male) |
| 5:36 | Build | Lumber Camp |
| 6:21 | Create | Villager (Male) |
| 6:48 | Create | Villager (Male) |
| 7:06 | Build | House |
| 7:11 | Build | House |
| 8:12 | Create | Villager (Male) |
| 8:12 | Create | Villager (Male) |
| 8:13 | Create | Villager (Male) |
| 8:21 | Build | Barracks |
| 9:27 | Research | Feudal Age |
| 10:29 | Build | Mining Camp |
| 11:37 | Age | Feudal Age |
| 11:48 | Research | Double-Bit Axe |
| 11:54 | Create | Villager (Male) |
| 12:11 | Build | Archery Range |
| 12:17 | Build | Stable |
| 12:22 | Build | House |
| 12:28 | Build | Blacksmith |
| 12:34 | Create | Villager (Male) |
| 12:54 | Build | Mining Camp |
| 13:19 | Create | Villager (Male) |
| 13:20 | Create | Villager (Male) |
| 13:20 | Create | Villager (Male) |
| 13:42 | Build | Lumber Camp |
| 13:45 | Create | Villager (Male) |
| 14:10 | Create | Villager (Male) |
| 14:22 | Create | Skirmisher |
| 14:22 | Create | Skirmisher |
| 14:23 | Create | Skirmisher |
| 14:34 | Build | House |
| 14:37 | Build | House |
| 14:43 | Build | House |
| 15:11 | Build | Market |
| 15:15 | Build | House |
| 15:17 | Build | House |
| 15:27 | Create | Villager (Male) |
| 15:27 | Create | Villager (Male) |
| 15:28 | Create | Villager (Male) |
| 16:05 | Build | Farm |
| 16:06 | Build | Farm |
| 16:07 | Build | Farm |
| 16:11 | Create | Villager (Male) |
| 16:29 | Build | Mill |
| 16:37 | Create | Villager (Male) |
| 16:49 | Build | Farm |
| 16:58 | Build | Farm |
| 16:59 | Build | Farm |
| 17:40 | Create | Villager (Male) |
| 17:57 | Create | Villager (Male) |
| 17:58 | Create | Villager (Male) |
| 18:12 | Build | Farm |
| 18:24 | Create | Skirmisher |
| 18:24 | Create | Skirmisher |
| 18:24 | Create | Skirmisher |
| 18:25 | Create | Skirmisher |
| 18:30 | Create | Spearman |
| 19:03 | Build | Farm |
| 19:16 | Create | Skirmisher |
| 19:16 | Create | Skirmisher |
| 19:24 | Create | Spearman |
| 19:35 | Build | House |
| 19:36 | Build | House |
| 19:39 | Build | House |
| 19:51 | Research | Wheelbarrow |
| 20:14 | Build | Stone Wall |
| 20:24 | Build | Stone Wall |
| 20:27 | Build | Stone Wall |
| 20:49 | Create | Villager (Male) |
| 20:56 | Build | Farm |
| 21:37 | Build | Farm |
| 21:37 | Build | Farm |
| 21:37 | Build | Farm |
| 21:39 | Build | Farm |
| 21:41 | Build | Farm |
| 22:12 | Build | Archery Range |
| 22:56 | Create | Skirmisher |
| 22:56 | Create | Skirmisher |
| 22:57 | Create | Skirmisher |
| 22:57 | Create | Skirmisher |
| 23:45 | Create | Skirmisher |
| 23:45 | Create | Skirmisher |
| 23:46 | Create | Skirmisher |
| 23:50 | Research | Castle Age |
| 24:14 | Create | Skirmisher |
| 24:15 | Create | Skirmisher |
| 24:15 | Create | Skirmisher |
| 24:15 | Create | Skirmisher |
| 25:12 | Create | Archer |
| 25:12 | Create | Archer |
| 25:13 | Create | Archer |
| 25:13 | Create | Archer |
| 25:13 | Create | Archer |
| 25:13 | Create | Archer |
| 25:14 | Create | Archer |
| 26:30 | Age | Castle Age |
| 26:41 | Research | Padded Archer Armor |
| 26:42 | Research | Forging |
| 26:45 | Create | Villager (Male) |
| 26:46 | Create | Villager (Male) |
| 26:57 | Research | Elite Skirmisher (upgrade) |
| 27:06 | Research | Elite Skirmisher (upgrade) |
| 27:10 | Create | Skirmisher |
| 27:11 | Create | Skirmisher |
| 27:11 | Create | Skirmisher |
| 27:11 | Create | Skirmisher |
| 28:00 | Create | Skirmisher |
| 28:01 | Create | Skirmisher |
| 28:01 | Create | Skirmisher |
| 28:01 | Create | Skirmisher |
| 28:01 | Create | Skirmisher |
| 28:01 | Create | Skirmisher |
| 28:32 | Create | Skirmisher ×5 |
| 28:32 | Create | Skirmisher ×3 |
| 28:45 | Build | Farm |
| 29:05 | Create | Trade Cart |
| 29:14 | Create | Trade Cart |
| 29:45 | Create | Villager (Male) |
| 29:45 | Create | Villager (Male) |
| 29:46 | Create | Villager (Male) |
| 29:46 | Create | Villager (Male) |
| 29:46 | Create | Villager (Male) |
| 29:47 | Create | Villager (Male) |
| 30:02 | Create | Skirmisher |
| 30:02 | Create | Skirmisher |
| 30:28 | Create | Spearman |
| 30:28 | Create | Spearman |
| 30:29 | Create | Spearman |
| 30:54 | Build | Castle |
| 31:30 | Create | Skirmisher |
| 31:30 | Create | Skirmisher |
Build order — ZippyCoyote
First 150 of 181 actions detected
| 0:12 | Build | House |
| 0:28 | Research | Loom |
| 0:30 | Create | Villager (Male) |
| 0:30 | Create | Villager (Male) |
| 0:31 | Create | Villager (Male) |
| 0:31 | Create | Villager (Male) |
| 0:40 | Build | House |
| 1:08 | Build | Lumber Camp |
| 2:16 | Create | Villager (Male) |
| 2:49 | Create | Villager (Male) |
| 3:47 | Create | Villager (Male) |
| 3:47 | Create | Villager (Male) |
| 4:20 | Create | Villager (Male) |
| 4:48 | Create | Villager (Male) |
| 5:03 | Build | House |
| 6:40 | Build | Mill |
| 7:06 | Create | Villager (Male) |
| 7:07 | Create | Villager (Male) |
| 8:07 | Build | Mining Camp |
| 9:10 | Build | Mining Camp |
| 9:19 | Research | Feudal Age |
| 10:25 | Build | Mining Camp |
| 11:20 | Build | Lumber Camp |
| 11:29 | Age | Feudal Age |
| 11:34 | Research | Wheelbarrow |
| 11:59 | Create | Villager (Male) |
| 11:59 | Create | Villager (Male) |
| 12:01 | Create | Villager (Male) |
| 12:02 | Create | Villager (Male) |
| 12:12 | Research | Double-Bit Axe |
| 12:27 | Build | House |
| 12:28 | Build | House |
| 13:25 | Build | Farm |
| 13:52 | Build | Blacksmith |
| 14:17 | Create | Villager (Male) |
| 14:18 | Create | Villager (Male) |
| 14:19 | Create | Villager (Male) |
| 14:39 | Build | Farm |
| 14:57 | Build | Farm |
| 15:14 | Create | Villager (Male) |
| 15:15 | Create | Villager (Male) |
| 15:59 | Build | Barracks |
| 16:24 | Create | Villager (Male) |
| 16:24 | Create | Villager (Male) |
| 16:52 | Build | Market |
| 17:06 | Build | Farm |
| 17:24 | Build | Archery Range |
| 17:51 | Build | House |
| 17:52 | Build | House |
| 17:54 | Build | House |
| 17:55 | Build | House |
| 18:46 | Create | Trade Cart |
| 18:47 | Create | Trade Cart |
| 19:26 | Build | Mining Camp |
| 19:36 | Research | Horse Collar |
| 20:17 | Build | Farm |
| 20:23 | Build | Farm |
| 20:39 | Build | Farm |
| 20:46 | Build | Farm |
| 21:44 | Research | Castle Age |
| 22:11 | Create | Trade Cart |
| 23:22 | Research | Gold Mining |
| 23:23 | Research | Stone Mining |
| 23:47 | Research | Man-at-Arms (upgrade) |
| 23:50 | Create | Militia |
| 23:51 | Create | Spearman |
| 24:24 | Age | Castle Age |
| 24:47 | Research | Bow Saw |
| 25:07 | Create | Villager (Male) |
| 25:39 | Build | Farm |
| 25:43 | Create | Villager (Male) |
| 25:44 | Create | Villager (Male) |
| 26:21 | Build | Castle |
| 26:36 | Research | Heavy Plow |
| 26:44 | Build | Farm |
| 27:16 | Create | Villager (Male) |
| 27:17 | Create | Villager (Male) |
| 27:17 | Create | Villager (Male) |
| 27:18 | Create | Villager (Male) |
| 27:38 | Build | Town Center |
| 27:49 | Build | Lumber Camp |
| 28:20 | Build | Farm |
| 28:37 | Build | Farm |
| 29:06 | Build | Farm |
| 29:22 | Research | Caravan |
| 29:23 | Create | Trade Cart |
| 30:04 | Research | Hand Cart |
| 30:05 | Create | Villager (Male) |
| 30:07 | Create | Villager (Male) |
| 30:07 | Create | Villager (Male) |
| 30:22 | Build | University |
| 30:35 | Research | Squires |
| 30:59 | Research | Long Swordsman (upgrade) |
| 31:41 | Research | Pikeman (upgrade) |
| 31:53 | Build | Barracks |
| 32:04 | Build | Barracks |
| 32:40 | Create | Huskarl |
| 32:40 | Create | Huskarl |
| 32:40 | Create | Huskarl |
| 32:48 | Create | Spearman |
| 32:49 | Create | Militia |
| 33:06 | Create | Villager (Male) |
| 33:07 | Create | Villager (Male) |
| 33:13 | Create | Villager (Male) |
| 34:33 | Build | Farm |
| 34:40 | Build | Farm |
| 34:47 | Build | Farm |
| 35:43 | Research | Imperial Age |
| 35:59 | Create | Villager (Male) |
| 36:02 | Create | Villager (Male) |
| 36:40 | Research | Forging |
| 36:48 | Research | Fletching |
| 37:06 | Build | Farm |
| 37:12 | Build | Farm |
| 37:20 | Build | Farm |
| 37:24 | Create | Villager (Male) |
| 37:24 | Create | Villager (Male) |
| 38:01 | Create | Villager (Male) |
| 38:07 | Research | Iron Casting |
| 38:08 | Research | Bodkin Arrow |
| 38:32 | Create | Trade Cart |
| 38:32 | Create | Trade Cart |
| 38:53 | Age | Imperial Age |
| 38:55 | Research | Two-Man Saw |
| 39:25 | Research | Crop Rotation |
| 39:37 | Build | Farm |
| 39:41 | Create | Villager (Male) |
| 39:41 | Create | Villager (Male) |
| 39:52 | Build | House |
| 39:53 | Build | House |
| 39:55 | Build | House |
| 39:57 | Build | House |
| 39:58 | Build | House |
| 40:00 | Build | House |
| 40:26 | Build | Castle |
| 40:34 | Research | Halberdier (upgrade) |
| 40:36 | Research | Two-Handed Swordsman (upgrade) |
| 40:51 | Research | Ballistics |
| 41:07 | Research | Murder Holes |
| 42:28 | Research | Perfusion |
| 42:30 | Research | Conscription |
| 42:35 | Create | Trebuchet (Packed) |
| 42:35 | Create | Trebuchet (Packed) |
| 42:58 | Create | Villager (Male) |
| 42:58 | Create | Villager (Male) |
| 43:05 | Build | Farm |
| 43:37 | Create | Villager (Male) |
| 43:44 | Build | Farm |
| 44:02 | Create | Spearman |
| 44:02 | Create | Spearman |
Build order — High Level Wizard
First 150 of 252 actions detected
| 0:25 | Build | House |
| 0:37 | Build | House |
| 0:46 | Create | Villager (Male) |
| 0:46 | Create | Villager (Male) |
| 1:04 | Build | House |
| 1:09 | Create | Villager (Male) |
| 1:10 | Create | Villager (Male) |
| 2:00 | Create | Villager (Male) |
| 2:51 | Create | Villager (Male) |
| 3:39 | Build | Mill |
| 3:43 | Create | Villager (Male) |
| 3:44 | Create | Villager (Male) |
| 4:21 | Create | Villager (Male) |
| 4:22 | Create | Villager (Male) |
| 4:43 | Build | House |
| 4:50 | Build | House |
| 5:08 | Build | Palisade Wall |
| 5:19 | Build | Palisade Wall |
| 5:33 | Create | Villager (Male) |
| 5:33 | Create | Villager (Male) |
| 5:34 | Create | Villager (Male) |
| 5:34 | Create | Villager (Male) |
| 6:11 | Create | Villager (Male) |
| 6:11 | Create | Villager (Male) |
| 6:38 | Create | Villager (Male) |
| 6:39 | Create | Villager (Male) |
| 8:07 | Build | Lumber Camp |
| 9:05 | Build | Palisade Wall |
| 9:07 | Create | Villager (Male) |
| 9:46 | Build | Palisade Gate |
| 9:58 | Create | Villager (Male) |
| 10:16 | Build | Palisade Gate |
| 10:44 | Build | Mining Camp |
| 10:51 | Research | Feudal Age |
| 11:20 | Build | Palisade Wall |
| 11:27 | Build | Palisade Wall |
| 11:53 | Build | Farm |
| 11:54 | Build | Farm |
| 11:54 | Build | Farm |
| 11:55 | Build | Farm |
| 11:56 | Build | Farm |
| 11:56 | Build | Farm |
| 11:57 | Build | Farm |
| 12:12 | Build | Farm |
| 12:19 | Build | Farm |
| 13:01 | Age | Feudal Age |
| 13:25 | Research | Double-Bit Axe |
| 13:45 | Build | Palisade Gate |
| 14:25 | Build | Farm |
| 14:41 | Build | Farm |
| 14:44 | Research | Wheelbarrow |
| 14:51 | Build | Farm |
| 14:58 | Create | Villager (Male) |
| 15:03 | Research | Gold Mining |
| 15:26 | Build | Market |
| 16:00 | Create | Villager (Male) |
| 16:15 | Build | Blacksmith |
| 16:26 | Build | House |
| 16:27 | Build | House |
| 16:31 | Build | House |
| 16:52 | Build | Lumber Camp |
| 17:07 | Research | Horse Collar |
| 17:28 | Create | Villager (Male) |
| 18:08 | Create | Villager (Male) |
| 18:09 | Create | Villager (Male) |
| 18:56 | Build | Market |
| 19:32 | Build | Stone Wall |
| 19:43 | Build | Stone Wall |
| 19:57 | Research | Scale Mail Armor |
| 19:58 | Research | Forging |
| 19:59 | Research | Fletching |
| 20:03 | Research | Padded Archer Armor |
| 20:10 | Create | Villager (Male) |
| 20:11 | Create | Villager (Male) |
| 20:12 | Create | Villager (Male) |
| 20:51 | Build | Barracks |
| 20:56 | Build | Barracks |
| 21:51 | Create | Spearman |
| 21:51 | Create | Spearman |
| 21:51 | Create | Spearman |
| 21:52 | Create | Spearman |
| 21:52 | Create | Spearman |
| 21:52 | Create | Spearman |
| 21:52 | Create | Spearman |
| 22:20 | Research | Man-at-Arms (upgrade) |
| 22:38 | Create | Spearman |
| 22:38 | Create | Spearman |
| 22:38 | Create | Spearman |
| 22:38 | Create | Spearman |
| 22:39 | Create | Spearman |
| 22:39 | Create | Spearman |
| 22:39 | Create | Spearman |
| 22:40 | Create | Spearman |
| 22:40 | Create | Spearman |
| 22:40 | Create | Spearman |
| 22:40 | Create | Spearman |
| 22:41 | Create | Spearman |
| 23:19 | Create | Villager (Male) |
| 23:19 | Create | Villager (Male) |
| 23:19 | Create | Villager (Male) |
| 23:20 | Create | Villager (Male) |
| 23:20 | Create | Villager (Male) |
| 23:29 | Build | Farm |
| 23:30 | Build | Farm |
| 23:31 | Build | Farm |
| 24:05 | Build | Farm |
| 25:23 | Build | House |
| 25:35 | Build | Farm |
| 25:45 | Create | Villager (Male) |
| 25:46 | Create | Villager (Male) |
| 25:46 | Create | Villager (Male) |
| 25:46 | Create | Villager (Male) |
| 26:42 | Build | Stone Wall |
| 26:52 | Build | Stone Wall |
| 26:57 | Build | Stone Wall |
| 27:00 | Build | Stone Wall |
| 27:29 | Build | Mining Camp |
| 27:59 | Create | Villager (Male) |
| 28:00 | Create | Villager (Male) |
| 28:00 | Create | Villager (Male) |
| 28:03 | Research | Castle Age |
| 28:25 | Build | House |
| 28:26 | Build | House |
| 28:27 | Build | House |
| 28:28 | Build | House |
| 28:39 | Build | House |
| 29:08 | Build | Gate |
| 29:19 | Build | Stone Wall |
| 29:45 | Research | Stone Mining |
| 30:10 | Create | Trade Cart |
| 30:11 | Create | Trade Cart |
| 30:11 | Create | Trade Cart |
| 30:47 | Age | Castle Age |
| 30:51 | Research | Hand Cart |
| 30:54 | Research | Heavy Plow |
| 30:58 | Research | Bow Saw |
| 31:01 | Research | Stone Shaft Mining |
| 31:06 | Research | Gold Shaft Mining |
| 31:19 | Build | Stone Wall |
| 31:41 | Create | Villager (Male) |
| 31:42 | Create | Villager (Male) |
| 31:42 | Create | Villager (Male) |
| 31:42 | Create | Villager (Male) |
| 31:43 | Create | Villager (Male) |
| 32:19 | Build | Monastery |
| 32:27 | Build | Farm |
| 32:37 | Build | Farm |
| 32:44 | Build | Farm |
| 33:13 | Build | Stone Wall |
| 33:20 | Build | Stone Wall |
Build order — B12 Official
141 actions detected in the replay
| 0:19 | Create | Villager (Male) |
| 0:20 | Create | Villager (Male) |
| 0:20 | Create | Villager (Male) |
| 0:20 | Create | Villager (Male) |
| 0:20 | Create | Villager (Male) |
| 0:31 | Build | House |
| 0:32 | Build | House |
| 0:33 | Build | House |
| 0:34 | Build | House |
| 2:47 | Create | Villager (Male) |
| 2:47 | Create | Villager (Male) |
| 2:47 | Create | Villager (Male) |
| 3:34 | Build | Lumber Camp |
| 3:44 | Create | Villager (Male) |
| 3:44 | Create | Villager (Male) |
| 3:45 | Create | Villager (Male) |
| 4:28 | Create | Villager (Male) |
| 4:29 | Create | Villager (Male) |
| 4:55 | Create | Villager (Male) |
| 4:55 | Create | Villager (Male) |
| 5:34 | Create | Villager (Male) |
| 5:35 | Create | Villager (Male) |
| 5:51 | Create | Villager (Male) |
| 5:51 | Create | Villager (Male) |
| 6:42 | Create | Villager (Male) |
| 6:42 | Create | Villager (Male) |
| 6:42 | Create | Villager (Male) |
| 7:00 | Create | Villager (Male) |
| 7:00 | Create | Villager (Male) |
| 7:31 | Create | Villager (Male) |
| 7:45 | Create | Villager (Male) |
| 7:46 | Research | Loom |
| 8:04 | Build | Mill |
| 11:25 | Research | Feudal Age |
| 13:12 | Create | Villager (Male) |
| 13:13 | Create | Villager (Male) |
| 13:13 | Create | Villager (Male) |
| 13:13 | Create | Villager (Male) |
| 13:13 | Create | Villager (Male) |
| 13:14 | Create | Villager (Male) |
| 13:35 | Age | Feudal Age |
| 13:47 | Build | Farm |
| 13:48 | Build | Farm |
| 13:50 | Build | Farm |
| 13:52 | Build | Farm |
| 13:53 | Build | Farm |
| 14:11 | Build | Mining Camp |
| 14:16 | Build | Farm |
| 14:22 | Build | Farm |
| 14:33 | Build | Farm |
| 14:43 | Build | Farm |
| 14:45 | Build | Farm |
| 15:00 | Build | Barracks |
| 15:06 | Build | Blacksmith |
| 15:11 | Create | Villager (Male) |
| 15:11 | Create | Villager (Male) |
| 15:12 | Create | Villager (Male) |
| 15:22 | Build | House |
| 15:23 | Build | House |
| 15:24 | Build | House |
| 15:25 | Build | House |
| 15:30 | Create | Villager (Male) |
| 15:30 | Create | Villager (Male) |
| 15:46 | Create | Villager (Male) |
| 16:37 | Create | Villager (Male) |
| 16:38 | Create | Villager (Male) |
| 16:38 | Create | Villager (Male) |
| 16:39 | Create | Villager (Male) |
| 17:14 | Build | Market |
| 18:12 | Build | Mining Camp |
| 18:27 | Create | Villager (Male) |
| 18:28 | Create | Villager (Male) |
| 18:28 | Create | Villager (Male) |
| 18:38 | Research | Double-Bit Axe |
| 18:41 | Research | Gold Mining |
| 20:00 | Create | Trade Cart |
| 20:00 | Create | Trade Cart |
| 20:01 | Create | Trade Cart |
| 20:01 | Create | Trade Cart |
| 20:01 | Create | Trade Cart |
| 20:02 | Create | Trade Cart |
| 21:17 | Research | Arson |
| 21:27 | Research | Castle Age |
| 22:33 | Create | Villager (Male) |
| 22:33 | Create | Villager (Male) |
| 24:07 | Age | Castle Age |
| 24:47 | Build | Stable |
| 24:49 | Build | Stable |
| 24:50 | Build | Stable |
| 24:52 | Build | Stable |
| 25:36 | Create | Knight |
| 25:36 | Create | Knight |
| 25:37 | Create | Knight |
| 25:37 | Create | Knight |
| 25:38 | Create | Knight |
| 25:38 | Create | Knight |
| 25:38 | Create | Knight |
| 26:19 | Create | Knight |
| 26:19 | Create | Knight |
| 27:02 | Build | House |
| 27:03 | Build | House |
| 27:05 | Build | House |
| 27:09 | Build | House |
| 29:09 | Build | Monastery |
| 29:14 | Build | University |
| 29:37 | Research | Husbandry |
| 29:40 | Research | Bow Saw |
| 29:43 | Research | Gold Shaft Mining |
| 29:53 | Research | Wheelbarrow |
| 29:55 | Research | Town Watch |
| 29:59 | Create | Monk |
| 31:01 | Build | Castle |
| 33:26 | Research | Imperial Age |
| 34:42 | Build | Castle |
| 34:50 | Research | Hand Cart |
| 35:20 | Research | Town Patrol |
| 36:36 | Age | Imperial Age |
| 37:03 | Research | Conscription |
| 37:04 | Research | Chivalry |
| 37:07 | Research | Cavalier (upgrade) |
| 37:37 | Build | Farm |
| 37:39 | Build | Farm |
| 37:42 | Build | Farm |
| 37:44 | Build | Farm |
| 38:58 | Build | Lumber Camp |
| 40:33 | Research | Ballistics |
| 41:01 | Research | Paladin (upgrade) |
| 41:19 | Create | Knight ×2 |
| 41:19 | Create | Knight ×2 |
| 42:55 | Create | Knight ×5 |
| 42:56 | Create | Knight ×5 |
| 42:56 | Create | Knight ×5 |
| 43:55 | Create | Knight ×5 |
| 43:55 | Create | Knight ×5 |
| 43:56 | Create | Knight |
| 48:41 | Create | Knight ×5 |
| 48:41 | Create | Knight ×5 |
| 48:41 | Create | Knight ×5 |
| 48:42 | Create | Knight ×5 |
| 48:42 | Create | Knight ×5 |
| 48:42 | Create | Knight ×2 |
Build order — battlegod
First 150 of 159 actions detected
| 0:59 | Build | Lumber Camp |
| 1:27 | Create | Villager (Male) |
| 1:27 | Create | Villager (Male) |
| 1:27 | Create | Villager (Male) |
| 1:28 | Create | Villager (Male) |
| 1:28 | Create | Villager (Male) |
| 2:08 | Build | Mill |
| 3:33 | Build | House |
| 3:34 | Build | House |
| 3:37 | Build | House |
| 3:58 | Create | Villager (Male) |
| 3:58 | Create | Villager (Male) |
| 5:42 | Create | Villager (Male) |
| 5:43 | Create | Villager (Male) |
| 5:44 | Research | Loom |
| 7:39 | Create | Villager (Male) |
| 7:39 | Create | Villager (Male) |
| 8:18 | Build | Farm |
| 8:49 | Create | Villager (Male) |
| 9:27 | Build | Barracks |
| 9:35 | Build | House |
| 9:38 | Build | House |
| 9:44 | Build | House |
| 9:50 | Build | House |
| 9:53 | Build | House |
| 9:55 | Build | House |
| 10:00 | Build | House |
| 10:04 | Build | House |
| 10:12 | Build | House |
| 10:13 | Build | House |
| 10:16 | Build | House |
| 10:36 | Create | Villager (Male) |
| 10:36 | Create | Villager (Male) |
| 10:36 | Create | Villager (Male) |
| 10:37 | Create | Villager (Male) |
| 10:37 | Create | Villager (Male) |
| 10:37 | Create | Villager (Male) |
| 11:12 | Build | Farm |
| 11:24 | Create | Villager (Male) |
| 11:25 | Create | Villager (Male) |
| 11:37 | Build | House |
| 11:38 | Build | House |
| 11:39 | Build | House |
| 11:43 | Build | House |
| 11:59 | Create | Villager (Male) |
| 12:51 | Build | House |
| 12:53 | Build | House |
| 13:03 | Build | House |
| 13:06 | Build | House |
| 13:10 | Build | House |
| 13:15 | Build | House |
| 13:37 | Create | Villager (Male) |
| 13:37 | Create | Villager (Male) ×4 |
| 13:38 | Create | Villager (Male) ×4 |
| 13:52 | Create | Villager (Male) |
| 13:52 | Create | Villager (Male) |
| 13:53 | Create | Villager (Male) |
| 13:55 | Create | Villager (Male) |
| 13:56 | Create | Villager (Male) |
| 14:17 | Build | House |
| 14:19 | Build | House |
| 14:21 | Build | House |
| 14:22 | Build | House |
| 14:24 | Build | House |
| 14:27 | Build | House |
| 14:31 | Build | House |
| 14:39 | Build | House |
| 14:46 | Build | House |
| 14:51 | Build | House |
| 14:54 | Build | House |
| 15:00 | Build | House |
| 15:03 | Build | House |
| 15:06 | Build | House |
| 15:06 | Build | House |
| 15:51 | Build | Mining Camp |
| 16:00 | Build | Mining Camp |
| 16:24 | Build | House |
| 16:33 | Build | House |
| 16:35 | Build | House |
| 16:39 | Build | House |
| 16:52 | Build | House |
| 20:48 | Research | Feudal Age |
| 22:58 | Age | Feudal Age |
| 23:01 | Build | House |
| 23:17 | Build | Blacksmith |
| 23:32 | Build | Market |
| 24:05 | Build | Farm |
| 24:13 | Build | Farm |
| 24:56 | Build | Stone Wall |
| 25:23 | Build | Archery Range |
| 25:30 | Build | Archery Range |
| 25:36 | Build | Archery Range |
| 25:38 | Build | Archery Range |
| 25:46 | Build | Archery Range |
| 25:49 | Build | Archery Range |
| 26:11 | Build | Stone Wall |
| 26:30 | Build | Stone Wall |
| 26:41 | Build | Stone Wall |
| 26:46 | Build | Stone Wall |
| 26:53 | Build | Stone Wall |
| 26:58 | Build | Stone Wall |
| 27:04 | Build | Stone Wall |
| 27:08 | Build | Stone Wall |
| 27:16 | Build | Stone Wall |
| 27:20 | Build | Stone Wall |
| 27:25 | Build | Stone Wall |
| 27:32 | Build | Stone Wall |
| 27:41 | Create | Villager (Male) |
| 27:41 | Create | Villager (Male) |
| 27:47 | Research | Stone Mining |
| 27:52 | Research | Gold Mining |
| 27:58 | Research | Horse Collar |
| 28:22 | Create | Skirmisher ×5 |
| 28:22 | Create | Skirmisher ×5 |
| 28:22 | Create | Skirmisher ×4 |
| 28:22 | Create | Skirmisher ×4 |
| 28:36 | Create | Villager (Male) |
| 29:16 | Build | Lumber Camp |
| 29:27 | Create | Villager (Male) ×4 |
| 29:28 | Create | Villager (Male) ×4 |
| 30:09 | Create | Trade Cart |
| 31:01 | Build | Gate |
| 31:08 | Build | Gate |
| 31:14 | Build | Gate |
| 31:43 | Create | Skirmisher ×5 |
| 31:43 | Create | Skirmisher ×5 |
| 31:44 | Create | Skirmisher ×5 |
| 31:53 | Create | Villager (Male) |
| 31:53 | Create | Villager (Male) |
| 32:10 | Build | Farm |
| 32:12 | Build | Farm |
| 33:13 | Build | Archery Range |
| 33:19 | Build | Archery Range |
| 33:23 | Build | Archery Range |
| 33:24 | Build | Archery Range |
| 33:46 | Build | Archery Range |
| 35:01 | Create | Skirmisher ×5 |
| 35:01 | Create | Skirmisher ×5 |
| 35:02 | Create | Skirmisher ×5 |
| 35:50 | Create | Villager (Male) |
| 35:50 | Create | Villager (Male) |
| 36:03 | Build | Farm |
| 36:07 | Build | Farm |
| 36:08 | Build | Farm |
| 36:12 | Build | Farm |
| 36:15 | Build | Farm |
| 36:35 | Create | Skirmisher ×2 |
| 36:36 | Create | Skirmisher ×2 |
| 36:36 | Create | Skirmisher ×2 |
| 36:55 | Create | Villager (Male) |
Build order — Haaner
First 150 of 283 actions detected
| 0:03 | Build | House |
| 0:04 | Create | Villager (Male) |
| 0:04 | Create | Villager (Male) |
| 0:06 | Build | House |
| 0:38 | Build | House |
| 0:46 | Create | Villager (Male) |
| 0:46 | Create | Villager (Male) |
| 1:42 | Create | Villager (Male) |
| 1:42 | Create | Villager (Male) |
| 1:58 | Build | Lumber Camp |
| 2:09 | Create | Villager (Male) |
| 2:09 | Create | Villager (Male) |
| 2:09 | Create | Villager (Male) |
| 2:37 | Create | Villager (Male) |
| 2:37 | Create | Villager (Male) |
| 3:00 | Create | Villager (Male) |
| 3:00 | Create | Villager (Male) |
| 3:21 | Create | Villager (Male) |
| 3:21 | Create | Villager (Male) |
| 3:21 | Create | Villager (Male) |
| 3:56 | Create | Villager (Male) |
| 3:56 | Create | Villager (Male) |
| 3:57 | Create | Villager (Male) |
| 4:50 | Create | Villager (Male) |
| 4:50 | Create | Villager (Male) |
| 4:50 | Create | Villager (Male) |
| 5:06 | Research | Loom |
| 5:46 | Create | Villager (Male) |
| 5:46 | Create | Villager (Male) |
| 5:47 | Create | Villager (Male) |
| 6:38 | Create | Villager (Male) |
| 6:38 | Create | Villager (Male) |
| 6:38 | Create | Villager (Male) |
| 6:38 | Create | Villager (Male) |
| 6:39 | Create | Villager (Male) |
| 6:40 | Create | Villager (Male) |
| 6:48 | Build | House |
| 7:18 | Build | Mill |
| 7:42 | Create | Villager (Male) |
| 7:43 | Create | Villager (Male) |
| 8:38 | Create | Villager (Male) |
| 8:38 | Create | Villager (Male) |
| 8:50 | Build | Farm |
| 9:12 | Research | Feudal Age |
| 9:18 | Build | Farm |
| 9:18 | Build | Farm |
| 9:19 | Build | Farm |
| 9:22 | Build | Farm |
| 9:23 | Build | Farm |
| 9:23 | Build | Farm |
| 9:25 | Build | Farm |
| 9:25 | Build | Farm |
| 9:25 | Build | Farm |
| 9:26 | Build | Farm |
| 9:40 | Build | House |
| 9:57 | Create | Villager (Male) |
| 10:09 | Create | Villager (Male) |
| 10:53 | Build | Barracks |
| 11:02 | Create | Villager (Male) |
| 11:22 | Age | Feudal Age |
| 11:47 | Research | Wheelbarrow |
| 11:52 | Research | Double-Bit Axe |
| 11:55 | Create | Villager (Male) |
| 11:55 | Create | Villager (Male) |
| 11:56 | Create | Villager (Male) |
| 12:35 | Build | Stable |
| 12:51 | Research | Horse Collar |
| 13:11 | Create | Villager (Male) |
| 13:12 | Create | Villager (Male) |
| 13:32 | Build | Farm |
| 13:36 | Build | Farm |
| 13:38 | Build | Farm |
| 14:03 | Create | Villager (Male) |
| 14:03 | Create | Villager (Male) |
| 14:10 | Build | Mining Camp |
| 14:29 | Build | Farm |
| 14:45 | Build | House |
| 14:47 | Build | House |
| 15:09 | Research | Gold Mining |
| 15:18 | Create | Scout Cavalry |
| 15:18 | Create | Scout Cavalry |
| 15:18 | Create | Scout Cavalry |
| 15:19 | Create | Scout Cavalry |
| 15:21 | Create | Scout Cavalry |
| 15:36 | Create | Villager (Male) |
| 16:02 | Build | Lumber Camp |
| 16:09 | Create | Villager (Male) |
| 16:14 | Research | Bloodlines |
| 16:19 | Create | Spearman |
| 16:29 | Create | Villager (Male) |
| 16:33 | Create | Scout Cavalry |
| 17:00 | Build | Farm |
| 17:22 | Build | Blacksmith |
| 17:28 | Build | Farm |
| 17:41 | Build | House |
| 17:47 | Build | House |
| 18:11 | Create | Scout Cavalry |
| 18:17 | Research | Forging |
| 18:23 | Research | Scale Barding Armor |
| 18:32 | Build | Farm |
| 18:48 | Create | Villager (Male) |
| 18:48 | Create | Villager (Male) |
| 18:48 | Create | Villager (Male) |
| 18:49 | Create | Villager (Male) |
| 18:49 | Create | Villager (Male) |
| 18:49 | Create | Villager (Male) |
| 18:50 | Create | Villager (Male) |
| 18:50 | Create | Villager (Male) |
| 20:34 | Build | House |
| 20:35 | Build | House |
| 20:37 | Build | House |
| 20:45 | Create | Villager (Male) |
| 20:45 | Create | Villager (Male) |
| 23:14 | Create | Villager (Male) |
| 23:14 | Create | Villager (Male) |
| 23:14 | Create | Villager (Male) |
| 23:14 | Create | Villager (Male) |
| 23:14 | Create | Villager (Male) |
| 23:16 | Research | Castle Age |
| 23:33 | Create | Villager (Male) |
| 23:34 | Create | Villager (Male) |
| 23:38 | Create | Scout Cavalry |
| 23:46 | Build | Archery Range |
| 23:50 | Research | Padded Archer Armor |
| 24:05 | Build | Mining Camp |
| 24:11 | Research | Stone Mining |
| 24:34 | Build | Farm |
| 25:00 | Build | Stable |
| 25:09 | Research | Fletching |
| 25:22 | Build | Market |
| 25:34 | Create | Villager (Male) |
| 25:46 | Create | Spearman |
| 25:47 | Create | Spearman |
| 25:52 | Create | Scout Cavalry |
| 25:53 | Create | Scout Cavalry |
| 26:19 | Age | Castle Age |
| 26:31 | Research | Hand Cart |
| 26:45 | Research | Pikeman (upgrade) |
| 26:45 | Research | Squires |
| 26:49 | Create | Camel Scout |
| 26:50 | Create | Camel Scout |
| 26:50 | Create | Camel Scout |
| 26:51 | Create | Camel Scout |
| 26:54 | Create | Camel Scout |
| 26:54 | Create | Camel Scout |
| 28:05 | Research | Husbandry |
| 28:07 | Create | Camel Scout ×5 |
| 28:07 | Create | Camel Scout ×5 |
| 28:07 | Create | Camel Scout ×3 |
| 28:46 | Build | Watch Tower |
Match timeline
| 5:08 | High Level Wizard · wall_segment Palisade Wall x19 |
| 5:19 | High Level Wizard · wall_segment Palisade Wall x28 |
| 7:00 | kenyi.yoshino · wall_segment Palisade Wall x8 |
| 8:21 | ...13.0.R.@... · first_building Barracks |
| 9:05 | High Level Wizard · wall_segment Palisade Wall x10 |
| 9:27 | battlegod · first_building Barracks |
| 10:19 | Hiddenninja · first_building Barracks |
| 10:37 | kenyi.yoshino · wall_segment Palisade Wall x11 |
| 10:53 | Haaner · first_building Barracks |
| 11:02 | Hiddenninja · age_up feudal |
| 11:07 | Hiddenninja · first_building Archery Range |
| 11:20 | High Level Wizard · wall_segment Palisade Wall x7 |
| 11:22 | Haaner · age_up feudal |
| 11:27 | High Level Wizard · wall_segment Palisade Wall x22 |
| 11:29 | ZippyCoyote · age_up feudal |
| 11:37 | ...13.0.R.@... · age_up feudal |
| 11:49 | kenyi.yoshino · wall_segment Palisade Wall x8 |
| 12:11 | ...13.0.R.@... · first_building Archery Range |
| 12:17 | ...13.0.R.@... · first_building Stable |
| 12:35 | Haaner · first_building Stable |
| 13:01 | High Level Wizard · age_up feudal |
| 13:35 | B12 Official · age_up feudal |
| 14:05 | kenyi.yoshino · wall_segment Palisade Wall x8 |
| 15:00 | B12 Official · first_building Barracks |
| 15:12 | kenyi.yoshino · wall_segment Palisade Wall x7 |
| 15:28 | kenyi.yoshino · wall_segment Palisade Wall x6 |
| 15:41 | kenyi.yoshino · age_up feudal |
| 15:59 | ZippyCoyote · first_building Barracks |
| 16:59 | Hiddenninja · wall_segment Palisade Wall x1 |
| 17:04 | Hiddenninja · wall_segment Palisade Wall x1 |
| 17:07 | Hiddenninja · wall_segment Palisade Wall x1 |
| 17:14 | kenyi.yoshino · wall_segment Palisade Wall x4 |
| 17:24 | ZippyCoyote · first_building Archery Range |
| 18:17 | kenyi.yoshino · first_building Barracks |
| 19:00 | Hiddenninja · age_up castle |
| 19:32 | High Level Wizard · wall_segment Stone Wall x12 |
| 19:43 | High Level Wizard · wall_segment Stone Wall x18 |
| 19:43 | kenyi.yoshino · first_building Stable |
| 20:14 | ...13.0.R.@... · wall_segment Stone Wall x10 |
| 20:24 | ...13.0.R.@... · wall_segment Stone Wall x11 |
| 20:27 | ...13.0.R.@... · wall_segment Stone Wall x6 |
| 20:51 | High Level Wizard · first_building Barracks |
| 22:00 | Hiddenninja · first_building Stable |
| 22:58 | battlegod · age_up feudal |
| 23:46 | Haaner · first_building Archery Range |
| 24:07 | B12 Official · age_up castle |
| 24:12 | Hiddenninja · first_market_buy 100 stone |
| 24:21 | Hiddenninja · first_building Castle |
| 24:24 | ZippyCoyote · age_up castle |
| 24:47 | B12 Official · first_building Stable |
| 24:56 | battlegod · wall_segment Stone Wall x2 |
| 25:23 | battlegod · first_building Archery Range |
| 25:57 | kenyi.yoshino · age_up castle |
| 26:11 | battlegod · wall_segment Stone Wall x10 |
| 26:19 | Haaner · age_up castle |
| 26:21 | ZippyCoyote · first_building Castle |
| 26:30 | ...13.0.R.@... · age_up castle |
| 26:30 | battlegod · wall_segment Stone Wall x8 |
| 26:41 | battlegod · wall_segment Stone Wall x1 |
| 26:42 | High Level Wizard · wall_segment Stone Wall x7 |
| 26:46 | battlegod · wall_segment Stone Wall x5 |
| 26:52 | High Level Wizard · wall_segment Stone Wall x8 |
| 26:53 | battlegod · wall_segment Stone Wall x11 |
| 26:57 | High Level Wizard · wall_segment Stone Wall x5 |
| 26:58 | battlegod · wall_segment Stone Wall x10 |
| 27:00 | High Level Wizard · wall_segment Stone Wall x2 |
| 27:04 | battlegod · wall_segment Stone Wall x15 |
| 27:08 | battlegod · wall_segment Stone Wall x5 |
| 27:16 | battlegod · wall_segment Stone Wall x10 |
| 27:20 | battlegod · wall_segment Stone Wall x9 |
| 27:25 | battlegod · wall_segment Stone Wall x7 |
| 27:32 | battlegod · wall_segment Stone Wall x12 |
| 29:09 | B12 Official · first_building Monastery |
| 29:19 | High Level Wizard · wall_segment Stone Wall x4 |
| 29:35 | Haaner · wall_segment Stone Wall x11 |
| 30:47 | High Level Wizard · age_up castle |
| 30:54 | ...13.0.R.@... · first_building Castle |
| 31:01 | B12 Official · first_building Castle |
| 31:19 | High Level Wizard · wall_segment Stone Wall x7 |
| 31:28 | Haaner · wall_segment Stone Wall x9 |
| 31:53 | Haaner · wall_segment Stone Wall x14 |
| 32:19 | High Level Wizard · first_building Monastery |
| 32:52 | kenyi.yoshino · first_building Siege Workshop |
| 33:13 | High Level Wizard · wall_segment Stone Wall x9 |
| 33:20 | High Level Wizard · wall_segment Stone Wall x8 |
| 33:54 | kenyi.yoshino · first_building Archery Range |
| 34:13 | Haaner · wall_segment Stone Wall x11 |
| 35:38 | ZippyCoyote · first_market_buy 100 food |
| 35:52 | Haaner · first_building Monastery |
| 36:36 | B12 Official · age_up imperial |
| 36:59 | High Level Wizard · wall_segment Stone Wall x2 |
| 37:02 | High Level Wizard · wall_segment Stone Wall x11 |
| 37:04 | High Level Wizard · wall_segment Stone Wall x3 |
| 37:58 | ...13.0.R.@... · tribute_sent a jugador 1 |
| 37:58 | ...13.0.R.@... · tribute_sent a jugador 2 |
| 37:58 | ...13.0.R.@... · tribute_sent a jugador 4 |
| 37:58 | ...13.0.R.@... · tribute_sent a jugador 5 |
| 37:58 | ...13.0.R.@... · tribute_sent a jugador 6 |
| 37:58 | ...13.0.R.@... · tribute_sent a jugador 7 |
| 37:58 | ...13.0.R.@... · tribute_sent a jugador 8 |
| 38:53 | ZippyCoyote · age_up imperial |
| 38:59 | High Level Wizard · first_building Archery Range |
| 40:01 | kenyi.yoshino · resign |
| 40:06 | High Level Wizard · first_building Castle |
| 40:26 | Haaner · first_building Castle |
| 40:54 | B12 Official · first_market_sell 100 wood |
| 40:58 | B12 Official · first_market_buy 100 food |
| 42:00 | battlegod · first_market_buy 100 food |
| 42:34 | Haaner · first_building Siege Workshop |
| 44:07 | battlegod · wall_segment Stone Wall x11 |
| 44:44 | battlegod · age_up castle |
| 45:06 | ZippyCoyote · first_market_sell 100 wood |
| 47:11 | Hiddenninja · age_up imperial |
[ AI ANALYSIS · 1 CREDIT ]
What really happened in this match?
Wolo.gg analyzes every decision: build order, eco, micro, common mistakes by bracket. Personalized analysis on WhatsApp or Discord in 30 seconds.
Civ guide
Persians
Perfil
Jugador #25190852